 Dungeon Crawl Stone Soup version 0.20-a0-736-gd3249da (webtiles) character file.

68 Maia the Shooter (level 4, -1/24 HPs)
             Began as a Deep Elf Arcane Marksman on Feb 23, 2017.
             Slain by an adder (5 damage)
             ... on level 2 of the Dungeon.
             The game lasted 00:08:35 (3125 turns).

Maia the Shooter (Deep Elf Arcane Marksman)         Turns: 3125, Time: 00:08:36

Health: -1/24      AC:  2    Str:  7    XL:     4   Next: 1%
Magic:  8/10       EV: 13    Int: 19    God:
Gold:   28         SH:  0    Dex: 15    Spells: 0/9 levels left

rFire    . . .     SeeInvis .   i - +0 dagger
rCold    . . .     Gourm    .   e - +0 robe
rNeg     . . .     Faith    .   (no shield)
rPois    .         Spirit   .   (no helmet)
rElec    .         Reflect  .   (no cloak)
rCorr    .         Harm     .   h - -1 pair of gloves (curse)
MR       .....                  (no boots)
Stlth    +.........             (no amulet)
Regen    0.1/turn               (no ring)
MPRegen  0.2/turn               (no ring)

@: lethally poisoned (-1 -> -11)
A: no striking features
a: no special abilities


You were on level 2 of the Dungeon.
You were not hungry.

You visited 1 branch of the dungeon, and saw 2 of its levels.

You collected 28 gold pieces.

Inventory:

Hand Weapons
 a - a +0 shortbow
 g - a +0 hunting sling
 i - a +0 dagger (weapon)
Missiles
 d - 20 arrows
 t - a throwing net (quivered)
Armour
 e - a +0 robe (worn)
 h - a cursed -1 pair of gloves (worn)
Scrolls
 k - a scroll of teleportation {unknown}
 l - a scroll of recharging {unknown}
 o - a scroll of identify
 p - a scroll of magic mapping {unknown}
Potions
 n - a potion of invisibility
 q - a potion of flight {unknown}
Books
 c - a book of Debilitation

   Spells                             Type                      Level
   a - Corona                         Hexes                        1
   b - Slow                           Hexes                        2
   c - Inner Flame                    Hexes/Fire                   3
   d - Portal Projectile              Hexes/Translocation          3
   e - Cause Fear                     Hexes                        4
   f - Leda's Liquefaction            Hexes/Earth                  4
Comestibles
 b - 3 chunks of flesh
 f - a bread ration
 r - a meat ration


   Skills:
 - Level 0.7 Fighting
 - Level 4.1 Bows
 - Level 2.4 Dodging
 + Level 3.1 Spellcasting
 - Level 4.0 Hexes


You couldn't memorise any spells.
You knew the following spells:

 Your Spells              Type           Power        Failure   Level  Hunger
a - Corona                Hex            ###....      3%          1    None
b - Slow                  Hex            ###.....     6%          2    ##.....
c - Portal Projectile     Hex/Tloc       ##....       21%         3    ###....
d - Inner Flame           Hex/Fire       ##......     21%         3    ###....


Dungeon Overview and Level Annotations

Branches:
Dungeon (2/15)

Altars:


Message History

The net rips apart, and the adder comes free!
You closely miss the adder.
The adder is almost dead.
You feel sick.
The adder is no longer moving slowly.
The adder bites you.
* * * LOW HITPOINT WARNING * * *
You are lethally poisoned!
The adder poisons you!
You closely miss the adder.
The adder is almost dead.
* * * LOW HITPOINT WARNING * * *
You feel sick. The adder bites you but does no damage.
You closely miss the adder.
The adder is almost dead.
* * * LOW HITPOINT WARNING * * *
You feel sick. The adder closely misses you.
You hit the adder.
The adder is almost dead.
* * * LOW HITPOINT WARNING * * *
You feel sick. The adder closely misses you. The adder bites you.
You die...

$##.#...#.##)#.. #..
..........%K.... #..
######.#####K#. ###... #.#
#..... #)# #...... #.#
#......### ####(#####.#
...###.###...###..........#
.......<...#(.(S@#.########
##.###.###...###...#
......#### ##.## ####.# #.#
# ####.### #......#
#.##.#.# #.##.#.# #)##...#


You could see an adder.

Vanquished Creatures
  2 adders (D:2)
  An ooze (D:1)
  3 dart slugs
  A leopard gecko (D:1)
  2 ball pythons (D:1)
  A giant cockroach (D:1)
  6 hobgoblins
  2 jackals (D:1)
  7 kobolds
  A bat (D:1)
  2 frilled lizards (D:1)
  6 goblins
  2 rats (D:1)
36 creatures vanquished.

Vanquished Creatures (others)
  A goblin (D:1)
  A kobold (D:1)
2 creatures vanquished.

Grand Total: 38 creatures vanquished

Notes
Turn   | Place    | Note
-------+----------+-------------------------------------------
     0 | D:1      | Maia the Deep Elf Arcane Marksman began the quest for the Orb.
     0 | D:1      | Reached XP level 1. HP: 11/11 MP: 5/5
   917 | D:1      | Reached XP level 2. HP: 12/16 MP: 3/6
  1427 | D:1      | Learned a level 2 spell: Slow
  1993 | D:1      | Reached XP level 3. HP: 18/20 MP: 5/7
  2679 | D:2      | Learned a level 3 spell: Portal Projectile
  3082 | D:2      | Reached XP level 4. HP: 9/24 MP: 7/10
  3087 | D:2      | Learned a level 3 spell: Inner Flame
  3125 | D:2      | Slain by an adder

Vault maps used:
D:1:      shiori_arrival_elements
D:2:      first_bread, grunt_ministairs_2

Skill      XL: |  1  2  3 |
---------------+----------+-----
Bows           | 3 4 |  4.1
Spellcasting   | 3 |  3.1
Fighting       | |  0.7
Dodging        | |  2.4
Hexes          | |  4.0

Action                   |  1- 3 |  4- 6 || total
-------------------------+-------+-------++-------
Melee: Dagger            |    34 |     7 ||    41
       Unarmed           |     7 |       ||     7
       Hunting sling     |    10 |       ||    10
 Fire: Hunting sling     |   121 |     9 ||   130
Throw: Throwing net      |     1 |     1 ||     2
 Cast: Corona            |    30 |     3 ||    33
       Slow              |     1 |     1 ||     2
  Use: Scroll            |     2 |       ||     2
       Potion            |     1 |     1 ||     2
  Eat: Chunk             |     7 |       ||     7
Armor: Robe              |    13 |     3 ||    16
Dodge: Dodged            |    83 |     6 ||    89
